 Dungeon Crawl Stone Soup version 0.23.0-3-gf3c87f2df8 (webtiles) character file.

Game seed: 6630240778369285167

42 Kass the Grave Robber (level 3, 0/19 HPs)
             Began as a Kobold Necromancer on Feb 22, 2019.
             Slain by Sigmund
             ... wielding a +0 scythe
              (8 damage)
             ... on level 2 of the Dungeon.
             The game lasted 00:05:00 (1375 turns).

Kass the Grave Robber (Kobold Necromancer)          Turns: 1375, Time: 00:05:01

Health: 0/19       AC:  2    Str:  6    XL:     3   Next: 77%
Magic:  4/6        EV: 15    Int: 16    God:
Gold:   55         SH:  0    Dex: 15    Spells: 1/6 levels left

rFire    . . .     SeeInvis .   f - +2 dagger (venom)
rCold    . . .     Gourm    .   (shield restricted)
rNeg     . . .     Faith    .   a - +0 robe
rPois    .         Spirit   .   (no helmet)
rElec    .         Reflect  .   (no cloak)
rCorr    .         Harm     .   (no gloves)
MR       .....                  (no boots)
Stlth    ++........             (no amulet)
HPRegen  0.06/turn              (no ring)
MPRegen  0.10/turn              (no ring)

@: no status effects
A: small, carnivore
a: no special abilities


You were on level 2 of the Dungeon.
You were completely stuffed.

You visited 1 branch of the dungeon, and saw 2 of its levels.

You collected 55 gold pieces.

Inventory:

Hand Weapons
 d - a +0 dagger
 f - a +2 dagger of venom (weapon)
Armour
 a - a +0 robe (worn)
Jewellery
 g - an uncursed amulet of the acrobat {unknown}
 m - an uncursed amulet of the gourmand {unknown}
Scrolls
 e - a scroll of enchant weapon {unknown}
 k - a scroll of teleportation {unknown}
 l - 2 scrolls of remove curse
Potions
 b - a potion of mutation {unknown}
 h - a potion of degeneration {unknown}
 j - 2 potions of cancellation {unknown}
 n - a potion of might {unknown}
 o - a potion of agility {unknown}
Comestibles
 c - 5 rations
 i - 14 chunks of flesh


   Skills:
 - Level 2.4 Dodging
 - Level 2.6 Stealth
 - Level 2.2 Spellcasting
 + Level 5.2 Necromancy


You had one spell level left.
You knew the following spells:

 Your Spells              Type           Power        Failure   Level  Hunger
a - Pain                  Necr           ###.         2%          1    #......
b - Animate Skeleton      Necr           N/A          2%          1    #......
c - Vampiric Draining     Necr           ###.......   7%          3    ###....

Your spell library contained the following spells:

 Spells                   Type           Power        Failure   Level  Hunger
 Regeneration             Chrm/Necr      ##........   22%         3    ###....
 Animate Dead             Necr           N/A          24%         4    #####..


Dungeon Overview and Level Annotations

Branches:
Dungeon (2/15)

Altars:

Annotations:
D:2 Sigmund


Innate Abilities, Weirdness & Mutations

You are small and have problems with some larger weapons.
You are carnivorous and can eat meat at any time.


Message History

Something hits your bat skeleton!
Your bat skeleton is destroyed!
The rat barely misses your bat skeleton.
Your frilled lizard skeleton crumbles into dust!
Your frilled lizard skeleton barely misses the rat.
Something hits your frilled lizard skeleton!
Your frilled lizard skeleton is destroyed!
The rat barely misses your bat skeleton.
The rat bites your bat skeleton.
Your bat skeleton is destroyed!
Something hits you.
You barely miss the rat. The rat closely misses you.
You barely miss the rat. Something hits you. The rat bites you.
You hit the rat.
You kill the rat!
Something hits you.
You swap places.
You swap places.
Something hits you!
You die...

####### ######Z....#
#####...##Z###.#
........'ZZ###Z#
###....##ZZ.#.#
...........#.#Z#
.##..#+###@#.#Z# #.
#.........# ..
###.....#### .#
#..<......#
#....).##.# # ....#.
#......# #
####..#.#.###.#..#.#
..............##.#.#
......#.#........#.#


You could see 3 friendly frilled lizard skeletons, 2 friendly rat skeletons and
a friendly hobgoblin skeleton.

Vanquished Creatures
  2 dart slugs (D:1)
  A leopard gecko (D:1)
  4 bats
  2 giant cockroaches
  3 goblins
  3 hobgoblins
  10 frilled lizards
  6 kobolds (D:1)
  6 rats
37 creatures vanquished.

Vanquished Creatures (collateral kills)
  A goblin (D:1)
  A frilled lizard (D:1)
  2 rats (D:2)
4 creatures vanquished.

Grand Total: 41 creatures vanquished

Notes
Turn   | Place    | Note
-------+----------+-------------------------------------------
     0 | D:1      | Kass the Kobold Necromancer began the quest for the Orb.
     0 | D:1      | Reached XP level 1. HP: 10/10 MP: 3/3
    26 | D:1      | Learned a level 1 spell: Animate Skeleton
   377 | D:1      | Reached XP level 2. HP: 10/15 MP: 0/5
   965 | D:1      | Reached XP level 3. HP: 15/19 MP: 6/6
  1186 | D:2      | Reached skill level 5 in Necromancy
  1311 | D:2      | Learned a level 3 spell: Vampiric Draining
  1358 | D:2      | Noticed Sigmund
  1375 | D:2      | Slain by Sigmund

Skill      XL: |  1  2  3 |
---------------+----------+-----
Necromancy     | 5 |  5.2
Dodging        | |  2.4
Stealth        | |  2.6
Spellcasting   | |  2.2

Action                   || total
-------------------------++-------
Melee: Unarmed           ||    18
       Dagger            ||    53
Throw: Stone             ||     1
 Cast: Pain              ||    23
       Animate Skeleton  ||    21
  Use: Scroll            ||     1
 Stab: Sleeping          ||     2
  Eat: Chunk             ||    10
Armor: Robe              ||    12
Dodge: Dodged            ||    72
